 Dungeon Crawl Stone Soup version 0.21.0-3-g78d12a8 (webtiles) character file.

115 toffzen the Insei (level 5, -6/26 HPs)
             Began as a Vine Stalker Transmuter on Jan 16, 2018.
             Mangled by an ice beast (7 damage)
             ... on level 3 of the Dungeon.
             The game lasted 00:08:22 (3121 turns).

toffzen the Insei (Vine Stalker Transmuter)         Turns: 3121, Time: 00:08:23

Health: -6/26      AC:  5    Str: 13    XL:     5   Next: 0%
Magic:  0/9        EV: 12    Int: 14    God:
Gold:   136        SH:  0    Dex: 14    Spells: 5/8 levels left

rFire    + . .     SeeInvis .     - Unarmed
rCold    x . .     Gourm    .   (no shield)
rNeg     . . .     Faith    .   b - +0 robe
rPois    .         Spirit   +   n - +1 helmet
rElec    .         Reflect  .   h - +0 cloak
rCorr    .         Harm     .   (no gloves)
MR       .....                  (no boots)
Stlth    +.........             (no amulet)
HPRegen  0.48/turn              w - ring of fire (curse)
MPRegen  0.11/turn              (no ring)

@: no status effects
A: fangs 2, regeneration 1, magic shield, antimagic bite, no potion heal 3, rot
immunity
a: no special abilities


You were on level 3 of the Dungeon.
You were not hungry.

You visited 1 branch of the dungeon, and saw 3 of its levels.

You collected 136 gold pieces.

Inventory:

Hand Weapons
 i - a cursed -2 hunting sling
Missiles
 a - 51 arrows
 j - 20 stones (quivered)
Armour
 b - a +0 robe (worn)
 h - a +0 cloak (worn)
 n - a +1 helmet (worn)
Jewellery
 u - an uncursed ring of resist corrosion {unknown}
 w - a cursed ring of fire (left hand)
Scrolls
 e - a scroll of immolation
 m - a scroll of teleportation {unknown}
 o - a scroll of fog {unknown}
 p - a scroll of amnesia
 r - a scroll of identify
 s - a scroll of random uselessness {unknown}
 v - a scroll of remove curse {unknown}
Potions
 f - a potion of degeneration {unknown}
 g - a potion of curing
 k - a potion of might {unknown}
 q - 2 potions of heal wounds
 t - a potion of flight {unknown}
Books
 c - a book of Changes

   Spells                             Type                      Level
   a - Beastly Appendage              Transmutation                1
   b - Sticks to Snakes               Transmutation                2
   c - Spider Form                    Transmutation/Poison         3
   d - Ice Form                       Ice/Transmutation            4
   e - Blade Hands                    Transmutation                5
Comestibles
 d - 3 rations
 l - 4 chunks of flesh


   Skills:
 - Level 2.2 Fighting
 - Level 1.5 Dodging
 - Level 4.7 Unarmed Combat
 - Level 2.1 Spellcasting
 + Level 2.3 Transmutations


You had 5 spell levels left.
You knew the following spells:

 Your Spells              Type           Power        Failure   Level  Hunger
a - Beastly Appendage     Tmut           #.....       9%          1    #......
b - Sticks to Snakes      Tmut           #.......     14%         2    ###....


Dungeon Overview and Level Annotations

Branches:
Dungeon (3/15)

Altars:

Annotations:
D:2 Sigmund


Innate Abilities, Weirdness & Mutations

You have extremely sharp teeth.
Your natural rate of healing is unusually fast.
When hurt, damage is shared between your health and your magic reserves.
Your bite disrupts and absorbs the magic of your enemies.
Potions cannot restore your health.
You are immune to rotting.


Message History

You bite the ice beast, but do no damage.
The ice beast is moderately wounded.
The ice beast hits you. The ice beast freezes you!!
You feel a terrible chill!
Ouch! That really hurt!
Okay, then.
Okay, then.
It was a potion of curing.
That felt strangely inert.
The ice beast hits you. The ice beast freezes you!
You feel a terrible chill!
* * * LOW HITPOINT WARNING * * *
As you read the scroll labeled JESILA WYITAEDGH, it crumbles to dust.
It is a scroll of amnesia.
Okay, then.
The ice beast closely misses you.
As you read the scroll labeled NISYCE CAULO, it crumbles to dust.
It is a scroll of identify.
q - 2 potions of heal wounds The ice beast hits you.
* * * LOW HITPOINT WARNING * * *
The ice beast freezes you!
You feel a terrible chill!
You die...

....## ..#.# ....
..#.# ... #.#.#
#.# #.#.#
####.####.#.##
#(...........###
#.###.###......#
#Y# ##...#.# #@#
##.##.# #.# ####.#
#.# #.#
#.###.########.#
#..............#
.######..#########
.........#
########.# # #...#


You could see an ice beast (inner flame).

Vanquished Creatures
  3 adders
  2 oozes (D:2)
  3 dart slugs
  A leopard gecko (D:1)
  2 orcs (D:3)
  2 ball pythons
  2 giant cockroaches
  8 goblins
  4 hobgoblins
  16 jackals
  A quokka (D:3)
  5 bats
  5 frilled lizards
  5 kobolds
  5 rats
64 creatures vanquished.

Notes
Turn   | Place    | Note
-------+----------+-------------------------------------------
     0 | D:1      | toffzen the Vine Stalker Transmuter began the quest for the Orb.
     0 | D:1      | Reached XP level 1. HP: 9/9 MP: 4/4
    51 | D:1      | Reached skill level 1 in Fighting
   190 | D:1      | Reached XP level 2. HP: 7/14 MP: 3/6
   354 | D:1      | Learned a level 2 spell: Sticks to Snakes
  1254 | D:1      | Reached XP level 3. HP: 16/18 MP: 4/7
  1840 | D:2      | Reached skill level 4 in Unarmed Combat
  2098 | D:2      | Gained mutation: Your natural rate of healing is unusually fast. [Vine Stalker growth]
  2098 | D:2      | Reached XP level 4. HP: 16/23 MP: 5/8
  2259 | D:2      | Noticed Sigmund
  2706 | D:2      | Found a faded altar of an unknown god.
  3050 | D:3      | Reached XP level 5. HP: 22/26 MP: 5/9
  3109 | D:3      | Noticed an ice beast
  3119 | D:3      | HP: 1/26 [ice beast (7)]
  3121 | D:3      | Mangled by an ice beast

Skill      XL: |  1  2  3 |
---------------+----------+-----
Fighting       | 1 2 |  2.2
Unarmed Combat | 4 |  4.7
Dodging        | |  1.5
Spellcasting   | |  2.1
Transmutations | |  2.3

Action                   |  1- 3 |  4- 6 || total
-------------------------+-------+-------++-------
Melee: Unarmed           |   126 |    75 ||   201
       Bite              |    23 |     9 ||    32
       Kick              |    18 |    10 ||    28
       Punch             |     5 |     2 ||     7
 Cast: Beastly Appendage |    19 |    11 ||    30
  Use: Scroll            |       |     3 ||     3
       Potion            |       |     1 ||     1
 Stab: Distracted        |     1 |       ||     1
       Sleeping          |     1 |       ||     1
  Eat: Ration            |     1 |       ||     1
       Chunk             |     1 |     3 ||     4
Armor: Robe              |    33 |    22 ||    55
Dodge: Dodged            |    67 |    44 ||   111
